 Dungeon Crawl Stone Soup version 0.30-a0-1163-gf69bf04e7a (webtiles) character file.

Game seed: 7620010682684526015

592412 jasper the Petrodigitator (level 26, -74/172 HPs)
             Began as a Spriggan Conjurer on Apr 28, 2023.
             Was the Champion of Vehumet.
             Killed from afar by an orb of fire (117 damage)
             ... with a fireball
             ... on level 5 of the Realm of Zot on Apr 29, 2023.
             The game lasted 02:20:31 (67135 turns).

jasper the Petrodigitator (Spriggan Conjurer)      Turns: 67135, Time: 02:20:32

Health: -74/172    AC: 43    Str:  3 (4)  XL:     26   Next: 25%
Magic:  6/50       EV: 29    Int: 35 (36) God:    Vehumet [******]
Gold:   1598       SH:  0    Dex: 16 (18) Spells: 11/70 levels left

rFire   x . .        M - staff of earth
rCold   . . .        (shield currently unavailable)
rNeg    + . .        F - melded +2 robe {Archmagi}
rPois   ∞            J - +2 hat
rElec   +            O - +2 cloak of Tinosusy {Str+3 Int+2}
rCorr   .            (gloves unavailable)
SInv    +            (boots unavailable)
Will    +++++        y - amulet "Toirph" {RegenMP Will+ Int+3}
Stlth   ++           G - +6 ring of intelligence
HPRegen 0.00/turn    K - ring of the Mage {Wiz Archmagi}
MPRegen 0.72/turn

%: wizardry (x1), archmagi
@: statue-form, fire vulnerable, inhibited regen, studying 3 skills, very slow
A: slow and powerful, torment resistance 1, boosted hp, very small, no large
weapons, unfitting armour, see invisible, (speed 3), deformed body, dopey 1,
inhibited regeneration, teleportitis 1, weak 1, subdued magic 1
}: 3/15 runes: serpentine, barnacled, silver
a: End Transformation, Renounce Religion


You were on level 5 of the Realm of Zot.
You worshipped Vehumet.
Vehumet was exalted by your worship.
You were a living statue of rough stone.
You visited 9 branches of the dungeon, and saw 47 of its levels.
You visited 1 bazaar.
You also visited: Trove, Ossuary, Bailey, Gauntlet and Ice Cave.

You collected 7008 gold pieces.
You spent 5410 gold pieces at shops.

Inventory:

Missiles
 S - 3 throwing nets
Armour
 F - a +2 robe of the Archmagi (melded)
 J - a +2 hat (worn)
 O - the +2 cloak of Tinosusy (worn) {Str+3 Int+2}
   (You found it on level 3 of the Elven Halls)

   Str:       It affects your strength (+3).
   Int:       It affects your intelligence (+2).
Magical Staves
 L - a staff of conjuration
 M - a staff of earth (weapon)
Jewellery
 j - a ring of resist corrosion
 w - a ring of positive energy
 y - the amulet "Toirph" (around neck) {RegenMP Will+ Int+3}
   (You bought it in a shop on level 4 of the Snake Pit)

   [amulet of magic regeneration]

   It increases your rate of magic regeneration.
   Int:       It affects your intelligence (+3).
   Will:      It increases your willpower.
 z - a ring of protection from cold
 C - a ring of positive energy
 G - a +6 ring of intelligence (left fist)
 K - the ring of the Mage (right fist) {Wiz Archmagi}
   (You bought it in a shop on level 2 of the Orcish Mines)

   [ring of wizardry]

   It improves your spell success rate.
   Archmagi:  It increases the power of your magical spells.
 N - the ring "Imusex" {*Corrode rPois rF+ rC+ Dex+6}
   (You found it in a Gauntlet)

   [ring of dexterity]

   Dex:       It affects your dexterity (+6).
   rF:        It protects you from fire.
   rC:        It protects you from cold.
   rPois:     It protects you from poison.
   *Corrode:  It may corrode you when you take damage.
 V - a ring of protection from cold
Wands
 q - a wand of flame (25)
 r - a wand of paralysis (23)
 A - a wand of polymorph (16)
 I - a wand of quicksilver (21)
 Q - a wand of digging (23)
 Z - a wand of roots (48)
Scrolls
 a - 7 scrolls of poison
 b - 29 scrolls of teleportation
 k - 17 scrolls of immolation
 l - 11 scrolls of fog
 p - 2 scrolls of summoning
 s - 3 scrolls of brand weapon
 x - 5 scrolls of enchant armour
 B - 6 scrolls of silence
 D - 3 scrolls of blinking
 E - 21 scrolls of fear
 T - a scroll of magic mapping
 W - 12 scrolls of enchant weapon
 Y - 36 scrolls of identify
Potions
 c - 12 potions of brilliance
 d - 40 potions of curing
 f - 12 potions of haste
 g - 12 potions of cancellation
 h - 8 potions of berserk rage
 i - 5 potions of resistance
 m - 10 potions of attraction
 n - 14 potions of heal wounds
 o - 6 potions of invisibility
 t - 12 potions of lignification
 u - 10 potions of flight
 v - 11 potions of degeneration
 H - 9 potions of mutation
 P - 3 potions of might
 X - 7 potions of ambrosia
Miscellaneous
 e - a tin of tremorstones (2/2)
 R - a box of beasts


   Skills:
 - Level 11.9 Fighting
 - Level 17.1 Dodging
 - Level 3.0 Stealth
 + Level 22.6 Spellcasting
 + Level 18.3 Conjurations
 - Level 7.0 Hexes
 - Level 8.6 Translocations
 - Level 4.0 Transmutations
 + Level 14.9 Air Magic
 O Level 27 Earth Magic
 - Level 1.0 Poison Magic


You had 11 spell levels left.
You knew the following spells:

 Your Spells              Type           Power      Damage    Failure   Level
a - Lehudib's Crystal Sp  Conj/Erth      74%        10d17     1%          8
b - Mephitic Cloud        Conj/Pois/Air  95%        N/A       0%          3
c - Fulminant Prism       Conj/Hex       49%        3d21      0%          4
d - Chain Lightning       Conj/Air       55%        3d73      8%          9
f - Arcjolt               Conj/Air       55%        1d65      0%          5
g - Orb of Destruction    Conj           57%        9d14      1%          7
h - Iron Shot             Conj/Erth      74%        9d14      0%          6
i - Blink                 Tloc           100%       N/A       0%          2
j - Statue Form           Tmut/Erth      86%        N/A       1%          6
k - Shatter               Erth           78%        3d57*     1%          9

Your spell library contained the following spells:

 Spells                   Type           Power      Damage    Failure   Level
 Ignition                 Fire           22%        3d8       96%         8
 Foxfire                  Conj/Fire      100%       2x1d9     0%          1
 Kiss of Death            Conj/Necr      100%       2d13      0%          1
 Magic Dart               Conj           100%       1d8       0%          1
 Shock                    Conj/Air       100%       1d9       0%          1
 Lesser Beckoning         Tloc           100%       N/A       0%          2
 Momentum Strike          Conj/Tloc      100%       3d10      0%          2
 Passwall                 Tmut/Erth      100%       N/A       0%          2
 Poisonous Vapours        Pois/Air       100%       N/A       0%          2
 Searing Ray              Conj           100%       2d8       0%          2
 Static Discharge         Conj/Air       100%       2-7/arc   0%          2
 Dazzling Flash           Conj/Hex       100%       N/A       0%          3
 Hailstorm                Conj/Ice       88%        3d18      0%          3
 Swiftness                Air            100%       N/A       0%          3
 Vhi's Electric Charge    Tloc/Air       100%       N/A       0%          3
 Airstrike                Air            52%        2d(8-24)  0%          4
 Iskenderun's Mystic Bla  Conj/Tloc      100%       2d19      0%          4
 Leda's Liquefaction      Hex/Erth       67%        N/A       0%          4
 Petrify                  Tmut/Erth      100%       N/A       0%          4
 Iskenderun's Battlesphe  Conj           100%       2d15      0%          5
 Lee's Rapid Deconstruct  Erth           78%        3d35*     0%          5
 Freeze                   Ice            100%       1d10      1%          1
 Summon Small Mammal      Summ           100%       N/A       1%          1
 Call Imp                 Summ           90%        N/A       1%          2
 Ensorcelled Hibernation  Hex/Ice        100%       N/A       1%          2
 Call Canine Familiar     Summ           45%        N/A       1%          3
 Frozen Ramparts          Ice            90%        1d14      1%          3
 Gell's Gravitas          Tloc           86%        N/A       1%          3
 Ignite Poison            Fire/Tmut/Pois 56%        N/A       1%          3
 Portal Projectile        Hex/Tloc       100%       N/A       1%          3
 Summon Guardian Golem    Hex/Summ       65%        N/A       1%          3
 Teleport Other           Tloc           86%        N/A       1%          3
 Tukima's Dance           Hex            80%        N/A       1%          3
 Volatile Blastmotes      Fire/Tloc      100%       2d18      1%          3
 Cause Fear               Hex            40%        N/A       1%          4
 Ice Form                 Ice/Tmut       58%        N/A       1%          4
 Manifold Assault         Tloc           86%        N/A       1%          4
 Olgreb's Toxic Radiance  Pois           52%        N/A       1%          4
 Passage of Golubria      Tloc           86%        N/A       1%          4
 Sticky Flame             Conj/Fire      88%        2d10      1%          4
 Summon Lightning Spire   Summ/Air       82%        N/A       1%          4
 Blade Hands              Tmut           33%        N/A       1%          5
 Borgnjor's Vile Clutch   Necr/Erth      62%        N/A       1%          5
 Fireball                 Conj/Fire      44%        3d18      1%          5
 Freezing Cloud           Conj/Ice/Air   47%        6-21      1%          5
 Irradiate                Conj/Tmut      47%        3d27      1%          5
 Metabolic Englaciation   Hex/Ice        32%        N/A       1%          5
 Silence                  Hex/Air        47%        N/A       1%          5
 Summon Forest            Summ/Tloc      34%        N/A       1%          5
 Yara's Violent Unravell  Hex/Tmut       37%        3d15      1%          5
 Conjure Ball Lightning   Conj/Air       55%        3x3d20    1%          6
 Dispersal                Tloc           43%        N/A       1%          6
 Plasma Beam              Fire/Air       41%        2x1d60    1%          6
 Starburst                Conj/Fire      44%        6d12      1%          6
 Spellforged Servitor     Conj/Summ      44%        N/A       1%          7
 Animate Dead             Necr           45%        N/A       2%          4
 Summon Ice Beast         Ice/Summ       45%        N/A       2%          4
 Eringya's Noxious Bog    Tmut/Pois      30%        N/A       4%          6
 Storm Form               Tmut/Air       44%        N/A       4%          7
 Malign Gateway           Summ/Tloc      34%        N/A       32%         7
 Death Channel            Necr           22%        N/A       34%         6
 Simulacrum               Ice/Necr       22%        N/A       34%         6
 Dragon Form              Tmut           33%        N/A       38%         7
 Disjunction              Tloc           43%        N/A       41%         8
 Ozocubu's Refrigeration  Ice            22%        4d12      45%         7
 Haunt                    Necr/Summ      22%        N/A       89%         7
 Summon Hydra             Summ           22%        N/A       89%         7
 Necromutation            Tmut/Necr      29%        N/A       99%         8
 Polar Vortex             Ice            22%        N/A       99%         9
 Borgnjor's Revivificati  Necr           22%        N/A       100%        8
 Infestation              Necr           22%        N/A       100%        8
 Summon Horrible Things   Summ           22%        N/A       100%        8
 Death's Door             Necr           22%        N/A       100%        9
 Dragon's Call            Summ           22%        N/A       100%        9


Dungeon Overview and Level Annotations

Branches:
Dungeon (15/15)            Temple (0/1) D:4            Lair (5/5) D:9
 Shoals (4/4) Lair:3        Snake (4/4) Lair:3        Slime (0/5) Lair:4
    Orc (2/2) D:9             Elf (3/3) Orc:2        Vaults (5/5) D:13
  Crypt (0/3) Vaults:3     Depths (4/4) D:15            Zot (5/5) Depths:4
Ossuary (visited)          Bailey (visited)           IceCv (visited)
Gauntlet (visited)

Altars:
Dithmenos
Elyvilon
Fedhas
Gozag
Hepliaklqana
Makhleb
Nemelex Xobeh
Qazlal
Ru
Trog
Uskayaw
Vehumet
Wu Jian
Yredelemnul
Jiyva

Shops:
D:15 !!(   Orc:2 ?(*=(   Elf:1 [   Snake:1 :!=   Snake:4 =:==   Vaults:2 *
Vaults:4 (!   Depths:2 *   Depths:3 *

Portals:
Hell: Depths:1 Depths:2 Depths:3 Depths:4
Abyss: Depths:3
Pandemonium: Orc:2 Depths:1 Depths:2 Depths:3
Ziggurat: Depths:2

Annotations:
D:3 1 runed translucent door, avangion's ghost, amateur GnCj
D:7 1 runed translucent door, BlasphemerAmon's ghost, novice OgFi
Lair:4 1 runed translucent door
Snake:4 1 runed translucent door, cforsyth's ghost, adept DgSu
Elf:2 3 runed translucent doors
Zot:4 3 runed translucent doors, Vyqe's ghost, master MfIE
Zot:5 1 exclusion


Innate Abilities, Weirdness & Mutations

You are a living statue of rough stone.
Your actions are slow, but your melee attacks are powerful.
You are resistant to unholy torment.
Your maximum health is greatly increased.
You are immune to poison.
Your equipment is partially melded.
You are very small and have problems with some larger weapons.
You are too small for most types of armour.
You have supernaturally acute eyesight. (SInv)
((You cover ground extremely quickly. (Speed+++)))
Armour fits poorly on your strangely shaped body.
You are dopey. (Int -2)
You do not regenerate when monsters are visible.
You are occasionally teleported next to monsters.
You are weak. (Str -2)
Your spells are a little easier to cast, but a little less powerful.


Message History

Press: ? - help, Shift-Dir - straight line, f/p - orb of fire
Aim: an orb of fire (heavily damaged, 65% to hit)
You feel a strong surge of power!
The crystal spear hits the orb of fire!!!!
You destroy the orb of fire!
Vehumet accepts your kill.
You feel your power returning.
The Killer Klown blinks!
You feel your dexterity returning.
You take 81 damage, and have 43/172 hp.
MASSIVE DAMAGE!!
You now have 19/50 mp.
The Killer Klown blinks!
The Killer Klown pies you viciously! The klown pie misses you.
The Killer Klown blinks!
Casting: Lehudib's Crystal Spear (mildly dangerous; 1% risk of failure)
Confirm with . or Enter, or press ? or * to list all spells.
You feel a strong surge of power!
The dungeon rumbles!
The black draconian is heavily wounded.
Ka-crash!
You now have 13/50 mp.
Casting: Shatter (mildly dangerous; 1% risk of failure)
Confirm with . or Enter, or press ? or * to list all spells.
You feel a strong surge of power!
The dungeon rumbles!
The black draconian is almost dead.
The Killer Klown is heavily wounded.
The orb of fire is lightly damaged.
Ka-crash!
The black draconian breathes lightning at you.
The bolt of lightning misses you. The Killer Klown pies you viciously!
The klown pie misses you.
You now have 5/50 mp.
Casting: Shatter (mildly dangerous; 1% risk of failure)
Confirm with . or Enter, or press ? or * to list all spells.
You don't have enough magic to cast this spell.
The orb of fire glows red.
The fireball explodes!
The fireball engulfs you!!!! The fire burns you terribly!
Ouch! That really hurt!
You die...

#...+.........#
.#.##.........##### #####
#...'...........#.##....#
<[..##........#.#.......#
.######.................
##...###..............###
.....# .................#
....## .........<......##
....# .#...^...8.......#
..#.###§).....d.........#
..#...'.................#
(^....#.................##
......#....*.)...........#
..........).............###
........#..p..............#
..#.....).........#⌠.....###
.........[.................#


You could see an orb of fire, a Killer Klown and a black draconian (catching
breath).

Vanquished Creatures
  2 dread liches (Vaults:5)
  6 orbs of fire (Zot:5)
  2 ancient liches (Zot:5)
  Mara (Vaults:3)
  2 juggernauts
  Sojobo (Vaults:2)
  Vv (Depths:3)
  Bai Suzhen (Vaults:4)
  6 Killer Klowns
  Vashnia (Snake:2)
  Xtahua (Vaults:3)
  A curse toe (Zot:3)
  4 caustic shrikes
  9 golden dragons
  Jory (Vaults:3)
  A bone dragon (Depths:4)
  3 electric golems
  16 tentacled monstrosities
  A walking earthen tome (Depths:3)
  Jorgrun (D:15)
  Rupert (D:15)
  20 Orb Guardians (Zot:5)
  4 liches
  A walking frostbound tome (Depths:3)
  A walking divine tome (Depths:4)
  A titan (Vaults:5)
  11 quicksilver dragons
  A deep elf blademaster (Elf:3)
  Asterion (Vaults:1)
  A deep elf master archer (Elf:3)
  4 death cobs
  An ancient champion (Vaults:3)
  Frances (Shoals:1)
  9 tengu reavers
  6 sphinxes
  11 shadow dragons
  Kirke (Shoals:3)
  17 storm dragons
  5 fire giants
  5 draconian monks
  8 nagarajas (Snake:4)
  10 frost giants
  6 draconian knights
  Louise (Elf:1)
  3 iron dragons
  A balrug (Depths:2)
  Aizul (Snake:1)
  9 deep elf sorcerers
  18 vault wardens
  8 deep elf elementalists
  5 draconian scorchers
  2 draconian shifters
  3 draconian annihilators
  2 ghost moths
  2 draconian stormcallers
  29 very ugly things
  An orc warlord (Vaults:3)
  A reaper (IceCv)
  14 ironbound preservers
  6 war gargoyles
  7 ironbound thunderhulks
  7 deep elf demonologists
  15 stone giants
  10 green draconians
  20 dire elephants
  7 black draconians
  A vampire knight (Depths:4)
  10 red draconians
  A minotaur (Gauntlet)
  27 purple draconians
  A spark wasp (shapeshifter) (Vaults:5)
  13 white draconians
  7 yellow draconians
  8 deep elf annihilators
  8 deep elf death magi
  3 ettins
  A blizzard demon (Depths:3)
  4 merfolk impalers
  5 crystal guardians
  5 merfolk javelineers
  An entropy weaver (shapeshifter) (D:13)
  3 entropy weavers
  4 great orbs of eyes
  2 jiangshi (Depths:1)
  9 deep elf high priests
  5 ice dragons
  17 yaktaur captains
  Fannar (Lair:1)
  14 fire dragons
  3 peacekeepers
  5 rakshasas
  A salamander tyrant (Snake:1)
  39 vault guards
  3 ogre magi
  6 hydras
  An alligator snapping turtle (Shoals:4)
  4 boulder beetles
  A hydra (shapeshifter) (Elf:2)
  5 spriggan air magi
  A spriggan skeleton (Depths:2)
  17 anacondas
  22 centaur warriors
  A catoblepas (Lair:1)
  15 ironbound frosthearts
  3 merfolk avatars
  3 demonspawn (Orc:2)
  A death knight (Vaults:3)
  6 satyrs
  19 dancing weapons
  10 tengu warriors
  7 death yaks
  3 two-headed ogres
  8 deep troll shamans
  23 naga warriors
  A death scarab (Gauntlet)
  A death yak (shapeshifter) (Depths:3)
  2 merfolk aquamancers
  11 deep troll earth magi
  2 soul eaters
  8 orc high priests (Orc:2)
  4 spriggan berserkers
  2 vampire magi
  14 shock serpents
  17 naga sharpshooters
  12 deep elf knights
  7 hell knights
  4 sun demons
  4 skysharks
  7 iron trolls
  A sixfirhy (Orc:2)
  A storm dragon skeleton (Depths:2)
  An obsidian statue (Zot:5)
  17 deep elf archers
  8 naga ritualists
  2 golden dragon zombies (Depths:2)
  A salamander mystic (Snake:2)
  25 sea snakes
  A shadow dragon zombie (Depths:2)
  47 deep trolls
  2 phantasmal warriors
  A sphinx zombie (Depths:2)
  3 lindwurms (Vaults:4)
  10 wizards
  4 glowing orange brains
  A flayed ghost (Depths:4)
  20 harpies
  27 deep elf zephyrmancers
  A tengu zombie (Vaults:5)
  13 mana vipers
  9 orc knights
  A golden dragon skeleton (Depths:1)
  9 necromancers
  A stone giant zombie (Depths:1)
  24 ironbound convokers
  27 ugly things
  5 orc sorcerers
  A wolf spider (Gauntlet)
  26 deep elf pyromancers
  12 fauns
  An iron dragon zombie (Depths:1)
  5 oklob plants
  2 elephants (shapeshifter) (Vaults:5)
  19 manticores
  15 salamanders
  7 cyclopes
  39 slime creatures
  19 elephants
  7 merfolk sirens
  11 moths of wrath
  6 water nymphs
  A rust devil (Orc:2)
  18 naga magi
  A titan simulacrum (Depths:2)
  30 black mambas
  10 guardian serpents
  3 smoke demons
  21 vault sentinels
  3 gargoyles
  2 ice statues (IceCv)
  10 cane toads
  Maggie (D:10)
  An orange demon (Depths:3)
  A rime drake (shapeshifter) (D:14)
  An unseen horror (D:12)
  Psyche (D:10)
  8 rime drakes
  44 yaktaurs
  A kobold demonologist (D:9)
  6 tengu conjurers
  14 komodo dragons
  7 ice devils
  2 anaconda simulacra (IceCv)
  2 freezing wraiths
  10 trolls
  A hellwing (Depths:3)
  A meliai (shapeshifter) (Depths:1)
  5 hornets
  4 polar bears
  26 merfolk
  6 meliai
  A queen bee (Lair:4)
  6 wind drakes
  Grinder (D:5)
  An iron dragon simulacrum (Depths:2)
  8 dream sheep
  11 snapping turtles
  A spectral black mamba (Gauntlet)
  A fire giant simulacrum (Depths:1)
  2 air elementals
  An ettin skeleton (Depths:2)
  21 blink frogs
  9 wyverns
  3 spriggans (Depths:4)
  2 jumping spiders (Gauntlet)
  2 shadows
  15 water elementals
  2 wraiths
  2 dire elephant simulacra (IceCv)
  Eustachio (D:5)
  4 fire elementals
  A vampire (Bailey)
  5 steam dragons
  38 yaks
  3 basilisks
  5 hogs (Shoals:3)
  A chaos spawn (Depths:3)
  A death yak simulacrum (IceCv)
  7 vampire mosquitoes
  A swamp worm (shapeshifter) (Vaults:5)
  A redback (Vaults:2)
  Menkaure (D:7)
  A glowing shapeshifter zombie (Depths:2)
  3 harpy simulacra (IceCv)
  51 nagas
  6 wargs
  22 water moccasins
  4 acid dragons
  An entropy weaver zombie (Vaults:5)
  3 hydra simulacra (IceCv)
  A glowing shapeshifter skeleton (Depths:2)
  2 black bears
  4 ice beasts
  31 orc warriors
  A meliai simulacrum (D:14)
  A boggart (Vaults:2)
  4 ogres
  2 wolves (Lair:4)
  11 centaurs
  The ghost of themarg the Caller, an amateur MfSu (D:4)
  A phantom (D:4)
  Blork the orc (D:5)
  2 kobold brigands (D:7)
  9 bullfrogs
  A human simulacrum (Vaults:5)
  2 gnoll sergeants
  2 scorpions
  An earth elemental (Elf:1)
  20 wights
  33 killer bees
  4 howler monkeys
  7 vampire bats (Bailey)
  3 wolf zombies (Bailey)
  7 electric eels
  4 hounds
  3 jellies
  24 orc priests
  2 gnoll boudas
  3 iguanas
  14 orc wizards
  A hell rat (Lair:4)
  3 spriggan simulacra
  A mummy (Ossuary)
  10 gnolls
  24 adders
  A naga simulacrum (IceCv)
  A shadow imp (D:6)
  12 white imps (Lair:4)
  3 worms
  2 dart slugs (D:2)
  78 orcs
  5 spectral bats (Ossuary)
  2 endoplasms
  4 giant cockroaches
  12 gnoll zombies (Ossuary)
  2 hobgoblins (D:1)
  2 jackals (D:3)
  17 kobolds
  3 quokkas
  6 ball pythons
  4 bats
  6 bat simulacra (Ossuary)
  A frilled lizard (D:2)
  10 goblins
  A goblin simulacrum (Ossuary)
  4 goblin zombies (Ossuary)
  2 hobgoblin zombies (Ossuary)
  2 kobold simulacra (Ossuary)
  7 kobold zombies (Ossuary)
  25 orc zombies
  6 rats
  2 rat simulacra (Ossuary)
  5 spectral goblins (Ossuary)
  3 spectral kobolds (Ossuary)
  A spectral rat (Ossuary)
  A butterfly (Lair:2)
  3 plants (Depths:2)
2207 creatures vanquished.

Vanquished Creatures (collateral kills)
  An ice devil (IceCv)
1 creature vanquished.

Vanquished Creatures (others)
  A phantasmal warrior (Vaults:5)
  A deep elf zephyrmancer (Elf:2)
  A steam dragon (Lair:5)
  An orc (Orc:1)
  140 fulminant prisms
  39 fungi
  165 plants
  2 withered plants (D:3)
350 creatures vanquished.

Grand Total: 2558 creatures vanquished

Notes
Turn   | Place    | Note
-------+----------+-------------------------------------------
     0 | D:1      | jasper the Spriggan Conjurer began the quest for the Orb.
     0 | D:1      | Reached XP level 1. HP: 9/9 MP: 5/5
   344 | D:1      | Reached XP level 2. HP: 13/13 MP: 1/6
   573 | D:1      | Found a faded altar of an unknown god.
   841 | D:1      | Learned a level 2 spell: Searing Ray
   900 | D:2      | Identified the staff of poison "Hahaufam" {rPois rF+ rC+}
  1139 | D:2      | Reached XP level 3. HP: 16/16 MP: 4/8
  2325 | D:3      | Found a radiant altar of Vehumet.
  2359 | D:3      | Became a worshipper of Vehumet
  2422 | D:3      | Reached XP level 4. HP: 21/21 MP: 7/10
  2427 | D:3      | Learned a level 4 spell: Fulminant Prism
  2454 | D:3      | Found a sparkling altar of Nemelex Xobeh.
  2641 | D:3      | Found a runed translucent door.
  2641 | D:3      | Noticed avangion's ghost (amateur GnCj)
  2958 | D:4      | Reached XP level 5. HP: 24/24 MP: 0/12
  2976 | D:4      | Learned a level 4 spell: Iskenderun's Mystic Blast
  3223 | D:4      | Found a sand-covered staircase.
  3225 | D:4      | Noticed a phantom
  3235 | D:4      | Reached skill level 1 in Translocations
  3237 | Ossuary  | Entered an ossuary
  3313 | Ossuary  | Reached * piety under Vehumet
  3313 | Ossuary  | Offered knowledge of Kiss of Death by Vehumet.
  3495 | Ossuary  | Reached skill level 1 in Hexes
  4061 | Ossuary  | Reached ** piety under Vehumet
  4061 | Ossuary  | Offered knowledge of Static Discharge by Vehumet.
  4314 | D:4      | Killed a phantom
  4315 | D:4      | Reached XP level 6. HP: 23/28 MP: 4/13
  4486 | D:4      | Found an ornate altar of the Wu Jian Council.
  4597 | D:4      | Noticed themarg's ghost (amateur MfSu)
  4599 | D:4      | Found a runed translucent gate.
  4599 | D:4      | Identified the +0 leather armour of the Great Game {Str+2}
  4600 | D:4      | Found a runed translucent gate.
  4605 | D:4      | Reached skill level 5 in Conjurations
  4655 | D:4      | Found a runed translucent gate.
  4885 | D:4      | Found a staircase to the Ecumenical Temple.
  5200 | D:5      | Entered Level 5 of the Dungeon
  5200 | D:5      | Noticed Eustachio
  5537 | D:5      | Reached XP level 7. HP: 32/32 MP: 9/14
  5615 | D:5      | Noticed Grinder
  5634 | D:5      | Killed Grinder
  5659 | D:5      | Killed Eustachio
  5788 | D:5      | You fall into a shaft and drop 3 floors!
  5819 | D:8      | Reached skill level 5 in Translocations
  6217 | D:8      | Reached XP level 8. HP: 36/36 MP: 9/15
  6343 | D:8      | Found a shadowy altar of Dithmenos.
  6352 | D:8      | Reached skill level 5 in Hexes
  6504 | D:7      | Noticed a manticore
  6962 | D:8      | Reached skill level 1 in Fighting
  6962 | D:8      | Reached skill level 5 in Spellcasting
  6962 | D:8      | Reached XP level 9. HP: 42/42 MP: 7/17
  6963 | D:8      | Offered knowledge of Momentum Strike by Vehumet.
  7336 | D:9      | Found a flagged portal.
  7354 | Bailey   | Entered a bailey
  7467 | Bailey   | Reached *** piety under Vehumet
  7646 | Bailey   | Noticed a gargoyle
  7683 | Bailey   | Killed a gargoyle
  7684 | Bailey   | Reached skill level 5 in Dodging
  7795 | Bailey   | Offered knowledge of Olgreb's Toxic Radiance by Vehumet.
  7802 | Bailey   | Learned a level 4 spell: Olgreb's Toxic Radiance
  7968 | Bailey   | Identified the +5 dagger "Nouhivack" {freeze, Str+2 Dex+3}
  8064 | D:9      | Reached skill level 1 in Poison Magic
  8064 | D:9      | Reached XP level 10. HP: 49/49 MP: 10/22
  8148 | D:9      | Found an opulent altar of Gozag.
  8148 | D:9      | Found a sacrificial altar of Ru.
  8156 | D:9      | Found a faded altar of an unknown god.
  8158 | D:9      | Found a blossoming altar of Fedhas.
  8160 | D:9      | Found a faded altar of an unknown god.
  8235 | D:9      | Reached **** piety under Vehumet
  8293 | D:9      | Found a staircase to the Orcish Mines.
  8322 | D:9      | Offered knowledge of Sticky Flame by Vehumet.
  8327 | D:9      | Reached skill level 5 in Fighting
  8337 | D:9      | Found a bloodstained altar of Trog.
  8379 | D:9      | Found a stormy altar of Qazlal.
  8410 | D:9      | Found a staircase to the Lair.
  9179 | D:9      | Reached skill level 10 in Dodging
  9559 | D:7      | Killed a manticore
  9560 | D:7      | Reached XP level 11. HP: 32/56 MP: 3/25
  9645 | D:7      | Reached ***** piety under Vehumet
  9655 | D:7      | Offered knowledge of Arcjolt by Vehumet.
  9664 | D:7      | Learned a level 5 spell: Arcjolt
  9804 | D:7      | Found a runed translucent door.
  9805 | D:7      | Noticed BlasphemerAmon's ghost (novice OgFi)
  9847 | D:7      | Noticed Menkaure
  9857 | D:7      | Killed Menkaure
  9869 | D:7      | Reached skill level 10 in Spellcasting
 10122 | D:7      | Found a burning altar of Makhleb.
 10226 | D:7      | Found a hide-covered altar of Uskayaw.
 10226 | D:7      | Noticed a +0 spear
 10226 | D:7      | Noticed a +0 dagger
 10227 | D:7      | Noticed a +0 short sword
 10237 | D:7      | Noticed a +0 spear
 10237 | D:7      | Noticed a +0 falchion
 10238 | D:7      | Noticed a +0 falchion
 10238 | D:7      | Noticed a +0 dagger
 10238 | D:7      | Noticed a +0 short sword
 10893 | D:6      | Found a white marble altar of Elyvilon.
 11116 | D:6      | Reached XP level 12. HP: 33/62 MP: 27/27
 11250 | D:5      | Noticed Blork the orc
 11255 | D:5      | Killed Blork the orc
 11846 | D:10     | Entered Level 10 of the Dungeon
 11846 | D:10     | Noticed Maggie
 11852 | D:10     | Killed Maggie
 12160 | D:10     | Noticed Psyche
 12168 | D:10     | Killed Psyche
 12415 | D:10     | Found a basalt altar of Yredelemnul.
 13251 | D:11     | Noticed a boulder beetle
 13269 | D:11     | Killed a boulder beetle
 13855 | D:11     | Offered knowledge of Irradiate by Vehumet.
 14285 | D:12     | Identified a scroll of acquirement
 14285 | D:12     | Acquired 1102 gold pieces
 14349 | Orc:1    | Entered Level 1 of the Orcish Mines
 14377 | Orc:2    | Entered Level 2 of the Orcish Mines
 14441 | Orc:2    | Found Naimala's Weapon Boutique.
 14490 | Orc:2    | Found a staircase to the Elven Halls.
 14553 | Orc:2    | Noticed a two-headed ogre
 14556 | Orc:2    | Killed a two-headed ogre
 14557 | Orc:2    | Reached XP level 13. HP: 67/67 MP: 15/30
 14694 | Orc:2    | Paralysed by an orc sorcerer for 5 turns
 15442 | Orc:2    | Found Zuodworph's Magic Scroll Boutique.
 15574 | Orc:2    | Found Uxuifrax's General Store.
 15587 | Orc:2    | Bought a scroll of teleportation for 39 gold pieces
 16346 | Orc:2    | Offered knowledge of Orb of Destruction by Vehumet.
 16664 | Orc:2    | Reached skill level 15 in Spellcasting
 16819 | Orc:2    | Found Alagyares's Antique Weapon Emporium.
 16819 | Orc:2    | Found Duxt's Jewellery Shoppe.
 16820 | Orc:2    | Found a one-way gate leading to the halls of Pandemonium.
 16836 | Orc:2    | Bought the ring of the Mage {Wiz Archmagi} for 918 gold
                  | pieces
 16836 | Orc:2    | Found the ring of the Mage {Wiz Archmagi}
 16846 | Orc:2    | Learned a level 7 spell: Orb of Destruction
 17539 | Lair:1   | Entered Level 1 of the Lair of Beasts
 17815 | Lair:1   | Found a gate leading to a gauntlet.
 17831 | Gauntlet | Entered a Gauntlet
 17831 | Gauntlet | Found a transporter.
 17831 | Gauntlet | Found a transporter.
 17844 | Gauntlet | Found a transporter.
 17856 | Gauntlet | Found a transporter.
 17872 | Gauntlet | Noticed a dire elephant
 17874 | Gauntlet | Found a transporter.
 17874 | Gauntlet | Found a transporter.
 17876 | Gauntlet | Found a transporter.
 17876 | Gauntlet | Found a transporter.
 17877 | Gauntlet | Found a transporter.
 17887 | Gauntlet | Noticed a blizzard demon
 17888 | Gauntlet | Found a transporter.
 17904 | Gauntlet | Found a transporter.
 17914 | Gauntlet | Found a transporter.
 17928 | Gauntlet | Found a transporter.
 17956 | Gauntlet | Found the +10 zealot's sword {holy, Zealotry, *Rage rN+
                  | EV+3}
 17962 | Gauntlet | Found a transporter.
 17999 | Gauntlet | Reached XP level 14. HP: 74/74 MP: 30/34
 18031 | Gauntlet | Identified the ring "Imusex" {*Corrode rPois rF+ rC+ Dex+6}
 18334 | Gauntlet | Identified the +0 ring mail of Philately {rPois Str+3 Int+3
                  | Stlth-}
 18494 | Lair:1   | Noticed Fannar
 18501 | Lair:1   | Killed Fannar
 19583 | Lair:2   | Identified the ring "Wenih" {rElec rF+ rN+ Int-5 Slay+6}
 19885 | Lair:2   | Reached skill level 10 in Conjurations
 20988 | Lair:3   | Found a staircase to the Snake Pit.
 21337 | Lair:3   | Offered knowledge of Iron Shot by Vehumet.
 21345 | Lair:3   | Learned a level 6 spell: Iron Shot
 21605 | Lair:3   | Reached ****** piety under Vehumet
 21704 | Lair:3   | Reached skill level 1 in Earth Magic
 21963 | Lair:3   | Found a staircase to the Shoals.
 22337 | Lair:4   | Found a frozen archway.
 22350 | IceCv    | Entered an ice cave
 22643 | IceCv    | Reached skill level 2 in Earth Magic
 22798 | IceCv    | Noticed a reaper
 22800 | IceCv    | Killed a reaper
 22943 | Lair:4   | Reached XP level 15. HP: 79/79 MP: 31/35
 22975 | Lair:4   | Found a runed translucent door.
 23383 | Lair:4   | Offered knowledge of Plasma Beam by Vehumet.
 23760 | Lair:4   | Found a viscous altar of Jiyva.
 23760 | Lair:4   | Noticed an acid blob
 23761 | Lair:4   | Noticed an acid blob
 23762 | Lair:4   | Found a staircase to the Slime Pits.
 23990 | Lair:4   | Reached skill level 3 in Earth Magic
 24533 | Lair:5   | Entered Level 5 of the Lair of Beasts
 24669 | Lair:5   | Reached skill level 4 in Earth Magic
 25064 | Lair:5   | Identified the +6 trident "Liqatil" {flame, Dex+5}
 25068 | Lair:5   | Got the Tractate on Ignition and Summoning
 25688 | D:12     | Reached skill level 15 in Dodging
 25972 | D:12     | Offered knowledge of Conjure Ball Lightning by Vehumet.
 26064 | D:12     | Found a hazy altar of Hepliaklqana.
 26738 | D:13     | Found a gate to the Vaults.
 27118 | D:14     | Reached skill level 5 in Earth Magic
 27142 | D:14     | Reached skill level 10 in Fighting
 27164 | D:14     | Reached XP level 16. HP: 85/85 MP: 28/38
 28180 | D:15     | Entered Level 15 of the Dungeon
 28181 | D:15     | Found Ithown's Distillery.
 28189 | D:15     | Found Folidimav's Distillery.
 28190 | D:15     | Found a flickering gateway to a bazaar.
 28207 | Bazaar   | Entered a bazaar
 28209 | Bazaar   | Found Aqajep's Antique Weapon Shop.
 28222 | Bazaar   | Found Ethryfas's Book Boutique.
 28230 | Bazaar   | Bought a book of Unlife for 432 gold pieces
 28230 | Bazaar   | Bought a book of Spatial Translocations for 216 gold pieces
 28235 | Bazaar   | Found Favof's Antique Weapon Shop.
 28245 | Bazaar   | Found Jokegh's Distillery.
 28253 | Bazaar   | Bought a potion of curing for 33 gold pieces
 28256 | Bazaar   | Learned a level 2 spell: Blink
 28271 | D:15     | Bought a potion of resistance for 140 gold pieces
 28271 | D:15     | Bought a potion of resistance for 140 gold pieces
 28271 | D:15     | Bought a potion of resistance for 140 gold pieces
 28271 | D:15     | Bought a potion of curing for 42 gold pieces
 28271 | D:15     | Bought a potion of curing for 42 gold pieces
 28271 | D:15     | Bought a potion of curing for 42 gold pieces
 28271 | D:15     | Bought 2 potions of curing for 84 gold pieces
 28280 | D:15     | Bought a potion of magic for 144 gold pieces
 28280 | D:15     | Bought a potion of curing for 54 gold pieces
 28280 | D:15     | Bought a potion of cancellation for 144 gold pieces
 28280 | D:15     | Bought a potion of cancellation for 144 gold pieces
 28318 | D:15     | Noticed Jorgrun
 28327 | D:15     | Killed Jorgrun
 28393 | D:15     | Found Benguc's Assorted Antiques.
 28456 | D:15     | Noticed Rupert
 28501 | D:15     | Killed Rupert
 28616 | D:15     | Found Teat's Weapon Boutique.
 28666 | D:15     | Found an opulent altar of Gozag.
 29120 | D:15     | Found a staircase to the Depths.
 29361 | Snake:1  | Entered Level 1 of the Snake Pit
 29442 | Snake:1  | Found Tierosh's Book Emporium.
 29445 | Snake:1  | Found Kileofec's Distillery.
 29447 | Snake:1  | Found Buadon's Jewellery Emporium.
 29453 | Snake:1  | Bought a potion of haste for 120 gold pieces
 29453 | Snake:1  | Bought a potion of heal wounds for 60 gold pieces
 29453 | Snake:1  | Bought a potion of magic for 96 gold pieces
 29453 | Snake:1  | Bought a potion of curing for 36 gold pieces
 29453 | Snake:1  | Bought a potion of heal wounds for 60 gold pieces
 29453 | Snake:1  | Bought a potion of curing for 36 gold pieces
 29507 | Snake:1  | You fall into a shaft and drop 1 floor!
 29519 | Snake:2  | Noticed Aizul
 29671 | Snake:1  | Reached skill level 6 in Earth Magic
 30733 | Snake:2  | Found a bloodstained altar of Trog.
 30735 | Snake:2  | Noticed Vashnia
 30939 | Snake:1  | Killed Aizul
 30940 | Snake:1  | Reached skill level 7 in Earth Magic
 31548 | Snake:2  | Offered knowledge of Eringya's Noxious Bog by Vehumet.
 32046 | Snake:2  | Reached skill level 8 in Earth Magic
 32144 | Snake:2  | Killed Vashnia
 32145 | Snake:2  | Reached XP level 17. HP: 73/90 MP: 23/40
 32934 | Snake:3  | Reached skill level 9 in Earth Magic
 33892 | Snake:4  | Entered Level 4 of the Snake Pit
 33896 | Snake:4  | Found Henu's Jewellery Emporium.
 33899 | Snake:4  | Found Ythapomm's Book Shop.
 33900 | Snake:4  | Found Zysio's Jewellery Emporium.
 33943 | Snake:4  | Reached skill level 10 in Earth Magic
 34223 | Snake:4  | Offered knowledge of Shatter by Vehumet.
 34223 | Snake:4  | Offered knowledge of Chain Lightning by Vehumet.
 34223 | Snake:4  | Offered knowledge of Ignition by Vehumet.
 34652 | Snake:4  | Reached skill level 11 in Earth Magic
 34747 | Snake:4  | Found a runed translucent door.
 34748 | Snake:4  | Noticed cforsyth's ghost (adept DgSu)
 35131 | Snake:4  | Found Kekudyak's Jewellery Shoppe.
 35350 | Snake:4  | Reached XP level 18. HP: 59/95 MP: 27/41
 35748 | Snake:4  | Got a serpentine rune of Zot
 35958 | Snake:4  | Reached skill level 12 in Earth Magic
 36491 | Shoals:1 | Entered Level 1 of the Shoals
 36659 | Shoals:1 | Noticed Frances
 36663 | Shoals:1 | Killed Frances
 37373 | Shoals:2 | Found a runed translucent door.
 38532 | Shoals:2 | Reached skill level 13 in Earth Magic
 38697 | Shoals:2 | Reached skill level 15 in Conjurations
 38712 | Shoals:2 | Learned a level 6 spell: Statue Form
 38737 | Shoals:3 | Identified the +1 hand axe "Ocomom" {flame, Contam Str+3
                  | Int+8 Stlth+}
 38789 | Shoals:3 | Noticed Kirke
 38796 | Shoals:3 | Reached skill level 1 in Transmutations
 38801 | Shoals:3 | Killed Kirke
 39563 | Shoals:4 | Entered Level 4 of the Shoals
 40108 | Shoals:4 | Identified the +3 rapier "Embalmer" {antimagic, Str+6}
 40531 | Shoals:4 | Reached XP level 19. HP: 99/99 MP: 37/42
 40834 | Shoals:4 | Got a barnacled rune of Zot
 41193 | Elf:1    | Entered Level 1 of the Elven Halls
 41228 | Elf:1    | Found a radiant altar of Vehumet.
 41239 | Elf:1    | Reached skill level 14 in Earth Magic
 41331 | Elf:1    | Found Dahirr's Antique Armour Emporium.
 41339 | Elf:1    | Bought a glowing hat for 210 gold pieces
 41979 | Elf:1    | Noticed Louise
 41983 | Elf:1    | Killed Louise
 42573 | Elf:2    | Reached skill level 15 in Earth Magic
 42586 | Elf:2    | Learned a level 9 spell: Shatter
 43141 | D:4      | Killed themarg's ghost
 43786 | Elf:2    | Found a runed translucent gate.
 43786 | Elf:2    | Found a runed translucent gate.
 43786 | Elf:2    | Found a runed translucent gate.
 43985 | Elf:3    | Entered Level 3 of the Elven Halls
 43992 | Elf:3    | Learned a level 3 spell: Mephitic Cloud
 44011 | Elf:3    | Reached skill level 16 in Earth Magic
 44481 | Snake:4  | Bought the amulet "Toirph" {RegenMP Will+ Int+3} for 831
                  | gold pieces
 45213 | Elf:3    | Reached XP level 20. HP: 103/103 MP: 14/43
 45280 | Elf:3    | Identified the +1 halberd of the Endless March {freeze,
                  | rPois rN+}
 45283 | Elf:3    | Identified the +2 robe "Dimna" {+Blink rF+}
 45285 | Elf:3    | Reached skill level 17 in Earth Magic
 45300 | Elf:3    | Identified the +8 trident of the Nine Ultimatums {freeze,
                  | Fly Will- Str+4 Dex+5}
 45650 | Elf:3    | Identified the +4 chain mail of a Labyrinth {Will+ Regen+}
 45783 | Elf:3    | Identified the +2 cloak of Tinosusy {Str+3 Int+2}
 45784 | Elf:3    | Identified the +1 shortbow "Ybbida" {elec, Fly rC- Dex+3
                  | Stlth+}
 45789 | Elf:3    | Identified the staff of fire "Hiuwamug" {rF+ Stlth+}
 45795 | Elf:3    | Got the Tome of Combat Magic
 46495 | Vaults:1 | Entered Level 1 of the Vaults
 46510 | Vaults:1 | Noticed Asterion
 46517 | Vaults:1 | Killed Asterion
 46523 | Vaults:1 | Reached skill level 18 in Earth Magic
 46781 | Vaults:1 | Reached skill level 19 in Earth Magic
 47554 | Vaults:1 | Found a portal to a secret trove of treasure.
 48325 | Vaults:2 | Reached skill level 20 in Earth Magic
 48534 | Vaults:2 | Reached XP level 21. HP: 107/107 MP: 36/44
 48842 | Vaults:2 | Found Gaemm's General Store.
 48945 | Vaults:2 | Bought a scroll of fear for 76 gold pieces
 49398 | Vaults:2 | Reached skill level 21 in Earth Magic
 49403 | Vaults:2 | Noticed Sojobo
 49406 | Vaults:2 | Paralysed by an air elemental for 1 turns
 49409 | Vaults:2 | Killed Sojobo
 50048 | Vaults:3 | Noticed Jory
 50050 | Vaults:3 | Killed Jory
 50153 | Vaults:3 | Noticed Mara
 50154 | Vaults:3 | Killed Mara
 50333 | Vaults:3 | Identified the +1 short sword "Poten" {speed, rC- rN+
                  | Str+4}
 50335 | Vaults:3 | Reached skill level 22 in Earth Magic
 50755 | Vaults:3 | Noticed Xtahua
 50759 | Vaults:3 | Killed Xtahua
 51129 | Vaults:3 | Found a staircase to the Crypt.
 52062 | Vaults:4 | Reached XP level 22. HP: 112/112 MP: 14/45
 52345 | Vaults:4 | Reached skill level 23 in Earth Magic
 52413 | Vaults:4 | Found Otixt's Distillery.
 52451 | Vaults:4 | Bought a potion of curing for 69 gold pieces
 52451 | Vaults:4 | Bought a potion of curing for 69 gold pieces
 52451 | Vaults:4 | Bought a potion of heal wounds for 115 gold pieces
 52451 | Vaults:4 | Bought a potion of haste for 230 gold pieces
 52451 | Vaults:4 | Bought a potion of resistance for 230 gold pieces
 52726 | Vaults:4 | Got the Writings on Unholy Trauma
 52735 | Vaults:4 | Got the Handbook of the Displaced Hornet
 52855 | Vaults:4 | Noticed Bai Suzhen
 52858 | Vaults:4 | Killed Bai Suzhen
 53331 | Vaults:4 | Found Qossepad's Weapon Shop.
 53638 | Vaults:5 | Entered Level 5 of the Vaults
 53641 | Vaults:5 | Reached skill level 24 in Earth Magic
 53644 | Vaults:5 | Noticed a golden dragon
 53648 | Vaults:5 | Noticed a golden dragon
 53649 | Vaults:5 | Noticed a golden dragon
 53650 | Vaults:5 | Killed a golden dragon
 53653 | Vaults:5 | Killed a golden dragon
 53859 | Vaults:5 | Killed a golden dragon
 53864 | Vaults:5 | Reached skill level 25 in Earth Magic
 53864 | Vaults:5 | Noticed a dread lich
 53865 | Vaults:5 | Killed a dread lich
 53984 | Vaults:5 | Reached XP level 23. HP: 116/116 MP: 20/46
 54098 | Vaults:5 | Identified the +7 hand axe of Slow Death {spect, Str-3
                  | Dex+5}
 54128 | Vaults:5 | Noticed a dread lich
 54130 | Vaults:5 | Killed a dread lich
 54338 | Vaults:5 | Identified the +4 ring mail of an ossuary {+Blink rN+}
 54406 | Vaults:5 | Identified the staff of poison "Zantoab" {rPois rF+ rN+++
                  | Str-2 Dex+3}
 54410 | Vaults:5 | Identified the +4 mace of the Enemy {freeze, rPois Str+2
                  | Dex+3}
 54453 | Vaults:5 | Identified the staff of cold "Rise" {Drain rC+ rN++}
 54579 | Vaults:5 | Got a silver rune of Zot
 55311 | Vaults:5 | Learned a level 8 spell: Lehudib's Crystal Spear
 55504 | Depths:1 | Entered Level 1 of the Depths
 55679 | Depths:1 | Reached skill level 26 in Earth Magic
 56081 | Vaults:1 | You paid a toll of a +5 demon blade to enter a treasure
                  | trove
 56082 | Trove    | Entered a treasure trove
 56093 | Trove    | Got Sif Muna's Book of Locality and the Birds
 56140 | Trove    | Identified the staff of air "Xarr" {rElec rPois}
 56143 | Trove    | Got Hacic's Directory of the Brilliant Torch
 56466 | Depths:1 | Identified the staff of air "Resaiqus" {rElec Str+3}
 56742 | Depths:1 | Found a gateway to Hell.
 57018 | Depths:1 | Identified the staff of fire "Toux" {Fragile rF+ rC+ Dex+5}
 57260 | Depths:1 | Reached skill level 27 in Earth Magic
 57630 | Depths:2 | Found Heuhuuj's Assorted Antiques.
 57639 | Depths:2 | Bought a glowing hat for 266 gold pieces
 57639 | Depths:2 | Bought a scroll of immolation for 152 gold pieces
 57850 | Depths:2 | Found a one-way gateway to a ziggurat.
 58031 | Depths:2 | Learned a level 9 spell: Chain Lightning
 58092 | Depths:3 | Noticed Vv
 58094 | Depths:3 | Killed Vv
 58094 | Depths:3 | Noticed a caustic shrike
 58096 | Depths:3 | Killed a caustic shrike
 58155 | Depths:3 | Noticed a juggernaut
 58158 | Depths:3 | Killed a juggernaut
 58159 | Depths:3 | Reached XP level 24. HP: 123/123 MP: 10/46
 58705 | Depths:3 | Found Mohud's Assorted Antiques.
 58903 | Depths:3 | Found a one-way gate to the infinite horrors of the Abyss.
 59185 | Depths:4 | Entered Level 4 of the Depths
 59641 | Depths:4 | Noticed a juggernaut
 59643 | Depths:4 | Killed a juggernaut
 59644 | Depths:4 | Reached skill level 10 in Air Magic
 59800 | Depths:4 | Found a gate to the Realm of Zot.
 60574 | Zot:1    | Entered Level 1 of the Realm of Zot
 63072 | Zot:3    | Reached XP level 25. HP: 128/128 MP: 36/48
 64506 | Zot:4    | Noticed a Killer Klown
 64664 | Zot:4    | Killed a Killer Klown
 64701 | Zot:4    | Noticed a Killer Klown
 64703 | Zot:4    | Killed a Killer Klown
 64994 | Zot:4    | Identified the +1 buckler of Kindness {Str+3 Stlth+}
 65024 | Zot:4    | Found a runed translucent gate.
 65024 | Zot:4    | Found a runed translucent gate.
 65024 | Zot:4    | Found a runed translucent gate.
 65103 | Zot:4    | Identified the +2 trident "Ditiwaerph" {freeze, Str+2}
 65182 | Zot:4    | Noticed a Killer Klown
 65185 | Zot:4    | Killed a Killer Klown
 65279 | Zot:4    | Noticed Vyqe's ghost (master MfIE)
 65632 | Zot:5    | Entered Level 5 of the Realm of Zot
 65980 | Zot:5    | Noticed an ancient lich
 65982 | Zot:5    | Killed an ancient lich
 66016 | Zot:5    | Noticed an ancient lich
 66017 | Zot:5    | Killed an ancient lich
 66069 | Zot:5    | Noticed a Killer Klown
 66072 | Zot:5    | Killed a Killer Klown
 66342 | Zot:5    | Noticed an orb of fire
 66346 | Zot:5    | Killed an orb of fire
 66359 | Zot:5    | Noticed an orb of fire
 66360 | Zot:5    | Gained mutation: You are weak. (Str -2) [an orb of fire]
 66362 | Zot:5    | Killed an orb of fire
 66594 | Zot:5    | Noticed a Killer Klown
 66594 | Zot:5    | Noticed an orb of fire
 66595 | Zot:5    | Gained mutation: You are dopey. (Int -2) [an orb of fire]
 66596 | Zot:5    | Killed a Killer Klown
 66598 | Zot:5    | Killed an orb of fire
 66663 | Zot:5    | Reached XP level 26. HP: 133/133 MP: 43/50
 66750 | Zot:5    | Noticed an orb of fire
 66752 | Zot:5    | Killed an orb of fire
 66760 | Zot:5    | Noticed an orb of fire
 66766 | Zot:5    | Gained mutation: Armour fits poorly on your strangely
                  | shaped body. [an orb of fire]
 66767 | Zot:5    | Gained mutation: You are occasionally teleported next to
                  | monsters. [an orb of fire]
 66768 | Zot:5    | Noticed an orb of fire
 66769 | Zot:5    | Gained mutation: Your spells are a little easier to cast,
                  | but a little less powerful. [an orb of fire]
 66771 | Zot:5    | Noticed an ancient lich
 66771 | Zot:5    | Noticed an orb of fire
 66771 | Zot:5    | Gained mutation: You do not regenerate when monsters are
                  | visible. [an orb of fire]
 66780 | Zot:5    | Noticed an orb of fire
 66783 | Zot:5    | HP: 8/172 [orb of fire/fireball (22)]
 66785 | Zot:5    | Killed an orb of fire
 67130 | Zot:5    | Killed an orb of fire
 67135 | Zot:5    | Killed from afar by an orb of fire

Illustrated notes

Levels and vault maps discovered:
D:1:      minmay_arrival_three_doors, layout_rooms,
          hellmonk_ecumenical_altar_inner_sanctum
D:2:      layout_loops_ring
D:3:      layout_rooms, vehumet_crystals, nemelex_altar_shiori,
          gammafunk_ghost_grave, corexii_hall_statues_x
D:4:      layout_rooms, nzn_wu_jian_council_hall,
          minmay_temple_entry_enclosed_plants, biasface_ghost_orc_armoury,
          lightli_ossuary_entry_decrepit_ruins
D:5:      layout_cave_pools, st_stairs_10, uniq_blork_the_orc, uniq_eustachio,
          uniq_grinder
D:6:      layout_cave_pools, marbit_many_paths,
          eino_small_chamber_without_monster
D:7:      layout_rooms, nicolae_uskayaw_en_pointe, lightli_temple_of_fire,
          ebering_ghost_reflecting_pool, uniq_menkaure
D:8:      layout_basic, nicolae_dithmenos_shadow_blocks
D:9:      minmay_octagon_keep, layout_irregular_city, trog_three_pillars_becter,
          nicolae_qazlal_style_of_elements, chequers_temple_overflow_minitemple,
          erik_lair_orcish_takeover, enter_bailey_5, nicolae_underground_beach
D:10:     layout_cave_pools, mainiacjoe_overflow_alcove_4, uniq_psyche,
          uniq_maggie
D:11:     lemuel_reptile_caves, layout_rooms, serial_co_window_serial,
          co_window_paths_b, co_window_corner_a, co_window_corner_a,
          co_window_paths_b, co_window_corner_a, co_window_broadway_c,
          co_window_corner_ca, co_window_corner_b, co_window_broadway_a,
          co_window_unsneaky_path_b, co_window_2corner, glass_columns_b,
          glass_columns_a
D:12:     layout_rooms, minmay_holes, nicolae_hepliaklqana_hippocampus
D:13:     layout_irregular_city, erik_vaults_2
D:14:     layout_basic, chequers_mini_garden, minmay_misc_feat_square
D:15:     grunt_enter_depths_snipers, layout_cave_pools,
          nicolae_gozag_seed_capital, serial_shops, bzr_entry_water, shop, shop,
          shop_fountains, shop, serial_bayou_pond_b, uniq_jorgrun, uniq_rupert
Lair:1:   layout_cave_pods, gauntlet_entry_generic, minivault_25,
          serial_bayou_shore_b, uniq_fannar
Lair:2:   nzn_winding_woodlands_stair_trap
          [nzn_winding_woodlands_5x15_river_crossing,
          nzn_winding_woodlands_5x15_concentric,
          nzn_winding_woodlands_5x15_pool, nzn_winding_woodlands_15x15_eel_pit,
          nzn_winding_woodlands_5x15_lazy_stream,
          nzn_winding_woodlands_5x15_cabin, nzn_winding_woodlands_5x15_garden],
          layout_loops_ring, serial_bayou, serial_bayou_lagoon_b,
          serial_bayou_ford_a, serial_bayou_pond_e, serial_bayou_pond_d,
          chequers_serial_rivers_small_a, lemuel_fruit_fields,
          serial_bayou_shore_b, lemuel_fruit_tree
Lair:3:   minmay_lair_oklob_tunnel, layout_chaotic_city,
          elwin_shoals_entry_rooms, minmay_snake_entry_guardpost_small,
          ldierk_geyser
Lair:4:   regret_index_wax_grids, layout_regular_city, slime_entry_2,
          portal_ice_cave_entry_imps, chequers_serial_rivers_micro_e,
          minmay_lair_oklob_items
Lair:5:   gammafunk_lair_ancient_temple, layout_regular_city
Shoals:1: layout_shoals, uniq_frances
Shoals:2: layout_shoals, lightli_airlock
Shoals:3: layout_shoals, uniq_kirke
Shoals:4: shoals_end_hangedman, layout_shoals, nicolae_shoals_cliffside_cave
Snake:1:  layout_concentric_octagons, serial_bayou_shore_a, minmay_shop_star
Snake:2:  layout_misc_corridors, basic_altar, serial_bayou_shore_b, uniq_aizul,
          uniq_vashnia
Snake:3:  layout_misc_corridors, nicolae_snake_boneroom
Snake:4:  grunt_snake_rune_pools, layout_layer_cave, gammafunk_ghost_grave,
          serial_shops, nicolae_shop_rolling_square, minmay_shop_grove
Orc:1:    layout_caves
Orc:2:    pf_orc_diabolical, layout_caves, basic_altar, serial_shops,
          nicolae_shop_back_alley_shop
Elf:1:    eino_elf_arrival_altar, layout_geoelf_grid, serial_shops, shop,
          minivault_28, uniq_louise
Elf:2:    nicolae_elf_blades_splatter_lattice
          [nicolae_blade_entry_sentries_behind_glass], layout_loops_cross,
          minmay_the_grid_square_5x5_3x3_mashed
          [minmay_the_grid_square_5x5_bracketed,
          minmay_the_grid_square_5x5_moneybag,
          minmay_the_grid_square_5x5_tri_point,
          minmay_the_grid_square_5x5_sharp_hourglass,
          minmay_the_grid_square_5x5_megaprize_hollow,
          minmay_the_grid_square_5x5_checkered_sparse,
          minmay_the_grid_square_5x5_shuriken, minmay_the_grid_square_5x5_two,
          minmay_the_grid_square_5x5_seven], uniq_agnes
Elf:3:    minmay_elf_hall_curves, layout_gridlike
Vaults:1: dpeg_vaults_monster_box, ontoclasm_vaults_shuriken,
          hangedman_vaults_maws, nicolae_vaults_trapezoid_2,
          hangedman_vaults_hard_town_square, nicolae_vaults_puzzle_piece,
          grunt_vaults_swirl, nicolae_vaults_trapezoid_lopsided_2,
          nicolae_vaults_cochlea, vaults_room_pool, v_pattern_3,
          nicolae_vaults_triangles, layout_vaults_maze_bifur,
          nicolae_trove_entry_diagonal, uniq_asterion
Vaults:2: ontoclasm_vaults_loading_screen, nicolae_vaults_closet_pinwheel_4,
          hangedman_vaults_pinch, nicolae_vaults_tetromino_Z_2,
          nicolae_vaults_network_quinsquares
          [nicolae_vaults_network_quincunx_subvault,
          nicolae_vaults_network_quincunx_subvault,
          nicolae_vaults_network_quincunx_subvault,
          nicolae_vaults_network_quincunx_subvault], v_misc_9,
          ontoclasm_vaults_chip, nicolae_vaults_sealed_display,
          nicolae_vaults_layer_cake_slice, layout_vaults_omnigrid, serial_shops,
          nicolae_shop_temple_entry_statues_fountains, uniq_sojobo
Vaults:3: nicolae_vaults_network_star, hangedman_vaults_trim,
          vaults_dpeg_diagonal, hangedman_vaults_maws,
          nicolae_vaults_frosty_reception, nicolae_vaults_cornered_office,
          nicolae_vaults_alarming, nicolae_vaults_oval_intersection,
          nicolae_vaults_theta, nicolae_vaults_trapezoid_lopsided_4,
          nicolae_vaults_house_2, nicolae_vaults_house_1,
          nicolae_vaults_trapezoid_lopsided_1, minmay_crypt_entry_simple_box,
          layout_vaults_omnicross, uniq_mara, uniq_xtahua, uniq_jory
Vaults:4: v_rooms_1, ontoclasm_vaults_twist, v_alt_pattern_3,
          nicolae_vaults_weapon_check, nicolae_vaults_network_s,
          ontoclasm_vaults_pinch, nicolae_vaults_shrinking_rooms_2, v_pattern_4,
          nicolae_vaults_taking_the_gang_shopping,
          nicolae_vaults_library_corner, ontoclasm_vaults_decontamination,
          nicolae_vaults_house_2, layout_vaults_chaotic_city, serial_shops,
          shop_fountains, uniq_bai_suzhen
Vaults:5
Depths:1: layout_long_grid, rand_demon_pan_entry_5, hangedman_tar_grid_catacomb,
          bh_walls_and_bars, st_stairs_3, grunt_decor_fettered,
          kennysheep_doodads, minmay_pinched_square
Depths:2: cheibrodos_birdhouse, layout_cave_pools, enter_ziggurat_f,
          lightli_too_deep, serial_shops, nicolae_shop_overgrown_old_shop,
          hangedman_abyss_or_decor_slice, pan_entry
Depths:3: minmay_strange_plus, layout_basic, abyss_entry,
          grunt_pan_entry_spiral, serial_shops, nicolae_stop_n_shop_2,
          pf_vacation_house_of_asmodeus, infiniplex_staircase_pillars_1, uniq_vv
Depths:4: grunt_zot_entry_bicorn, layout_long_grid, hell_entry, kb_rosetta,
          nicolae_triple_integral
Zot:1:    layout_onion_interference, skrybe_zot_glass_3
Zot:2:    layout_concentric_octagons, grunt_megastairs_5
Zot:3:    layout_onion_interference
Zot:4:    cheibrodos_zot_enchanting_chambers, layout_cellular_growth,
          ebering_ghost_rock_garden, st_stairs_10, nicolae_lava_and_water
Zot:5:    layout_twisted_circle

Skill      XL: |  1  2  3  4  5  6  7  8  9 10 11 12 13 14 15 16 17 18 19 20 21 22 23 24 25 |
---------------+----------------------------------------------------------------------------+-----
Conjurations   | 3 4 5 6 8 10 11 12 14 15 16 18 | 18.3
Spellcasting   | 3 4 5 7 9 10 12 15 17 18 20 22 | 22.6
Translocations | 2 3 5 8 |  8.6
Hexes          | 2 4 7 |  7.0
Dodging        | 4 7 10 12 13 14 15 16 17 | 17.1
Fighting       | 1 4 6 7 8 9 10 11 | 11.9
Poison Magic   | 1 |  1.0
Air Magic      | 8 12 14 | 14.9
Earth Magic    | 2 5 8 11 13 16 20 22 25 27 | 27.0
Transmutations | 4 |  4.0
Stealth        | |  3.0

Action                     |  1- 3 |  4- 6 |  7- 9 | 10-12 | 13-15 | 16-18 | 19-21 | 22-24 | 25-27 || total
---------------------------+-------+-------+-------+-------+-------+-------+-------+-------+-------++-------
  Melee: Staff             |    13 |     7 |    13 |    45 |    70 |    11 |    30 |     2 |     9 ||   200
   Cast: Magic Dart        |    94 |    74 |    43 |   116 |    19 |       |       |       |       ||   346
         Searing Ray       |     5 |    48 |    39 |    34 |    16 |     1 |       |       |       ||   143
         Fulminant Prism   |       |     1 |    26 |    43 |    46 |    21 |     3 |       |       ||   140
         Iskenderun's Myst |       |       |    13 |    21 |    22 |       |       |       |       ||    56
         Olgreb's Toxic Ra |       |       |     2 |    50 |   149 |    22 |    12 |       |       ||   235
         Arcjolt           |       |       |       |    80 |    71 |    25 |    13 |       |       ||   189
         Orb of Destructio |       |       |       |       |    47 |   130 |    55 |    21 |    17 ||   270
         Iron Shot         |       |       |       |       |   188 |   429 |   311 |    62 |    19 ||  1009
         Blink             |       |       |       |       |       |     1 |       |       |       ||     1
         Statue Form       |       |       |       |       |       |    15 |    52 |    46 |    36 ||   149
         Shatter           |       |       |       |       |       |       |   164 |   340 |   145 ||   649
         Lehudib's Crystal |       |       |       |       |       |       |       |    15 |    26 ||    41
  Evoke: Wand              |       |       |       |     5 |     6 |       |       |       |       ||    11
         Box of beasts     |       |       |       |       |     1 |     1 |     1 |     1 |       ||     4
         Tin of tremorston |       |       |       |       |       |       |     4 |     1 |       ||     5
    Use: Scroll            |    10 |       |     5 |    14 |     5 |     3 |     3 |     4 |     5 ||    49
         Potion            |       |       |     2 |     2 |     2 |     5 |     2 |     1 |     3 ||    17
 Armour: Robe              |     1 |     9 |     5 |     8 |    18 |     7 |     5 |     1 |       ||    54
         Skin              |       |       |       |       |       |     7 |   105 |    67 |    41 ||   220
  Dodge: Dodged            |    10 |    36 |    76 |   227 |   230 |   303 |   422 |   172 |   168 ||  1644

Table legend: (Time is in decaauts)
 A = Elapsed time spent in this place.
 B = Non-inter-level travel time spent in this place.
 C = Inter-level travel time spent in this place.
 D = Time resting spent in this place.
 E = Time spent auto-exploring this place.
 F = Levels seen in this place.
 G = Mean time per level.
                   A        B        C        D        E       F      G
               +--------+--------+--------+--------+--------+-----+--------+
         Total |  58045 |  54255 |   3790 |  10775 |  34276 |  53 | 1095.2 |
       Dungeon |  13431 |  12286 |   1145 |   1307 |   8962 |  15 |  895.4 |
          Lair |   5692 |   5141 |    551 |    315 |   3861 |   5 | 1138.4 |
        Shoals |   4605 |   4405 |    200 |    375 |   3236 |   4 | 1151.2 |
     Snake Pit |   5856 |   5487 |    369 |   1715 |   3035 |   4 | 1464.0 |
  Orcish Mines |   2697 |   2504 |    193 |     16 |   1960 |   2 | 1348.5 |
   Elven Halls |   4446 |   4127 |    319 |    586 |   2533 |   3 | 1482.0 |
        Vaults |   7565 |   7119 |    446 |   1996 |   4009 |   5 | 1513.0 |
        Depths |   4221 |   4042 |    179 |   1076 |   2326 |   4 | 1055.2 |
           Zot |   6960 |   6576 |    384 |   3105 |   2602 |   5 | 1392.0 |
        Bazaar |     35 |     35 |      0 |      0 |     24 |   1 |   35.0 |
         Trove |     50 |     50 |      0 |      0 |     40 |   1 |   50.0 |
       Ossuary |    999 |    999 |      0 |     56 |    802 |   1 |  999.0 |
        Bailey |    586 |    586 |      0 |    143 |    265 |   1 |  586.0 |
      Ice Cave |    488 |    488 |      0 |     10 |    387 |   1 |  488.0 |
      Gauntlet |    406 |    406 |      0 |     72 |    229 |   1 |  406.0 |
               +--------+--------+--------+--------+--------+-----+--------+

Top non-repeatable levels by time:
   Orc:2: 2223 daAuts
   Zot:4: 2092 daAuts
 Snake:1: 2057 daAuts
Vaults:2: 1967 daAuts
 Snake:4: 1894 daAuts
Vaults:4: 1757 daAuts
   Elf:3: 1689 daAuts
Vaults:1: 1567 daAuts
   Elf:1: 1529 daAuts
   Zot:1: 1485 daAuts
  Lair:2: 1477 daAuts
Shoals:4: 1463 daAuts
  Lair:3: 1439 daAuts
   Zot:2: 1374 daAuts
     D:4: 1364 daAuts
